 Dungeon Crawl Stone Soup version 0.31-a0-214-gb37851dbb3 (webtiles) character file.

Game seed: 10553060455879836957

1519 qw the Cleaver (level 8, 0/51 HPs)
             Began as a Gargoyle Fighter on July 1, 2023.
             Slain by a necrophage (1 damage)
             ... on level 6 of the Dungeon.
             The game lasted 00:02:18 (4765 turns).

qw the Cleaver (Gargoyle Fighter)                   Turns: 4765, Time: 00:02:19

Health: 0/51       AC: 16    Str: 22    XL:     8   Next: 84%
Magic:  8/8        EV: 15    Int:  9    God:
Gold:   326        SH:  4    Dex:  9    Spells: 7/7 levels left

rFire   . . .        Y - +0 war axe
rCold   . . .        c - +0 buckler
rNeg    + . .        b - +0 scale mail
rPois   inf          f - +2 hat
rElec   +            (no cloak)
rCorr   .            (no gloves)
SInv    .            j - +1 pair of boots
Will    .....        (no amulet) Stlth
                     n - +5 ring of evasion
HPRegen 0.28/turn    (no ring)
MPRegen 0.11/turn

%: no passive effects
@: about to teleport
A: sickness immunity, AC +5, negative energy resistance 1, electricity
resistance, torment resistance 1, petrification resistance
a: no special abilities


You were on level 6 of the Dungeon.
You visited 2 branches of the dungeon, and saw 7 of its levels.

You collected 326 gold pieces.


Innate Abilities, Weirdness & Mutations

You are immune to sickness and miasma.
Your stone body is resilient. (AC +5)
You are immune to poison.
You resist negative energy. (rN+)
You are resistant to electric shocks. (rElec)
You are resistant to unholy torment.
You are immune to petrification.


   Skills:
 - Level 6.0 Fighting
 + Level 8.3 Axes
 - Level 2.3 Throwing
 - Level 3.2 Armour
 - Level 1.9 Dodging
 - Level 3.2 Shields


You had 7 spell levels left.
You didn't know any spells.
Your spell library was empty.

Inventory:

Hand Weapons
 m - a +0 flail
 Y - a +0 war axe (weapon)
Missiles
 k - 3 javelins
 p - 3 silver javelins (quivered)
Armour
 b - a +0 scale mail (worn)
 c - a +0 buckler (worn)
 f - a +2 hat (worn)
 j - a +1 pair of boots (worn)
Jewellery
 e - an amulet of guardian spirit
 n - a +5 ring of evasion (left hand)
Wands
 l - a wand of digging (3)
Scrolls
 a - 2 scrolls of identify
 i - 3 scrolls of teleportation
Potions
 d - a potion of might
 g - a potion of curing
 h - a potion of cancellation
 r - a potion of enlightenment

Dungeon Overview and Level Annotations

Branches:
Dungeon (6/15)             Temple (1/1) D:4

Altars:
Ashenzari
Elyvilon
Fedhas
Kikubaaqudgha
Makhleb
Nemelex Xobeh
Ru
Sif Muna
Uskayaw
Wu Jian
Xom
Yredelemnul
Zin

Shops:
D:1 *   D:6 :

Annotations:
D:3 exclusion: moth of wrath


Message History

The necrophage misses you.
The wight hits you with a +3 heavy flail!
You hit the wight but do no damage.
The wight is severely damaged.
You hit the wyvern zombie. You closely miss the wight. You hit the necrophage.
The wyvern zombie misses you. The wight closely misses you.
The wyvern zombie completely misses you.
The necrophage hits you but does no damage.
The wight hits you but does no damage.
You slash the wight!
You destroy the wight!
You hit the wyvern zombie. You hit the wight. You closely miss the necrophage.
The wyvern zombie closely misses you. The spectral bullfrog misses you.
The wight closely misses you.
The wight hits you from afar with a +0 spear.
The necrophage closely misses you.
You barely miss the wyvern zombie.
The wyvern zombie is severely damaged.
You slash the wight!
You destroy the wight!
You hit the spectral bullfrog. You closely miss the necrophage.
The spectral bullfrog misses you. The wyvern zombie bites you!
The wight hits you but does no damage. The necrophage barely misses you.
The spectral bullfrog closely misses you.
The wyvern zombie closely misses you.
4764 ||| READING 4 scrolls of teleportation.
As you read the scroll of teleportation, it crumbles to dust.
You feel strangely unstable.
The spectral bullfrog completely misses you.
The wyvern zombie bites you.
The wight hits you from afar with a +0 spear.
The necrophage hits you but does no damage.
You hit the wyvern zombie.
The wyvern zombie is severely damaged.
You hit the spectral bullfrog but do no damage.
You barely miss the necrophage.
The spectral bullfrog hits you but does no damage.
The wyvern zombie misses you. The wight hits you but does no damage.
The necrophage hits you.
You die...

#.# ##.>....# #. #.#
#......# #. #.#
#......# #. #.###
#......# #.
#...77777 #......#
#. ##......777
#......# #.
#7.))....7777......#
##
77P.P.Z).PP77.....#
77777@Z...P7######
77n..P77 .z).P7
P.8.P7 7PP.77


77P7 77 You could see a spectral bullfrog, a necrophage, a wight and a wyvern
zombie.

Vanquished Creatures
  A black bear (D:4)
  2 ice beasts
  A phantom (D:6)
  A kobold brigand (D:6)
  A bullfrog (D:6)
  A spectral water moccasin (D:6)
  3 scorpions
  4 wights (D:6)
  3 hounds
  A jelly (D:6)
  A centaur skeleton (D:6)
  Jessica (D:2)
  3 iguanas
  A sleepcap (D:5)
  Natasha (thrice) (D:2)
  8 gnolls
  6 adders
  A shadow imp (D:5)
  A white imp (D:5)
  3 ufetubi
  3 dart slugs
  9 orcs
  6 ball pythons
  6 endoplasms
  4 giant cockroaches
  6 hobgoblins
  4 jackals (D:1)
  2 quokkas
  2 bats (D:1)
  4 frilled lizards
  8 goblins
  16 kobolds
  2 rats
118 creatures vanquished.

Notes
Turn   | Place    | Note
-------+----------+-------------------------------------------
     0 | D:1      | qw the Gargoyle Fighter began the quest for the Orb.
     0 | D:1      | Reached XP level 1. HP: 14/14 MP: 1/1
     0 | D:1      | 0 ||| qw: Version: 0.3-a-32-g5962c71
     0 | D:1      | 0 ||| qw: Game counter: 7345
     0 | D:1      | 0 ||| qw: Melee chars always use a shield: true
     0 | D:1      | 0 ||| qw: God list: Okawaru
     0 | D:1      | 0 ||| qw: Allow faded altars: false
     0 | D:1      | 0 ||| qw: Do Orc after clearing Dungeon:15 true
     0 | D:1      | 0 ||| qw: Do second Lair branch before Depths: true
     0 | D:1      | 0 ||| qw: Lair rune preference: random
     0 | D:1      | 0 ||| qw: Goals: Normal, Zot:1-4, Slime:5, God:TSO, Crypt,
                  | Tomb, Abyss, Pan, Hells, Win
     0 | D:1      | 0 ||| PLANNING D:1-11
    25 | D:1      | Reached skill level 2 in Axes
    83 | D:1      | Reached XP level 2. HP: 14/19 MP: 2/2
   207 | D:1      | 207 ||| Stepping ~*~*~tactically~*~*~ (stealth).
   400 | D:1      | Reached skill level 3 in Axes
   405 | D:1      | Reached XP level 3. HP: 21/23 MP: 3/3
   435 | D:1      | Found Ylo Cuam's Assorted Antiques.
   443 | D:1      | 443 ||| SHOPLISTING 2 glowing golden potions (54 gold, have
                  | 13).
   443 | D:1      | 443 ||| SHOPLISTING brown potion (27 gold, have 13).
   443 | D:1      | 443 ||| SHOPLISTING clear potion (27 gold, have 13).
   443 | D:1      | 443 ||| SHOPLISTING glowing helmet (225 gold, have 13).
   443 | D:1      | 443 ||| SHOPLISTING potion of might (120 gold, have 13).
   443 | D:1      | 443 ||| SHOPLISTING runed wooden wand (120 gold, have 13).
   443 | D:1      | 443 ||| SHOPLISTING scroll labelled GAT ZAANEPAEV (30 gold,
                  | have 13).
   511 | D:1      | 511 ||| UPGRADING to +1 hat.
   516 | D:1      | 516 ||| UPGRADING to +0 pair of boots.
   521 | D:1      | 521 ||| READING scroll labelled ATTAOSH ZETIHI.
   522 | D:1      | 522 ||| READING scroll labelled ASCHOKHUNOO.
   681 | D:2      | Found a shimmering altar of Xom.
   770 | D:2      | Noticed Jessica
   773 | D:2      | Killed Jessica
   774 | D:2      | Reached skill level 1 in Throwing
   774 | D:2      | Reached XP level 4. HP: 27/28 MP: 4/4
   836 | D:2      | Noticed Natasha
   847 | D:2      | Killed Natasha
  1048 | D:2      | Noticed Natasha
  1065 | D:2      | Killed Natasha
  1066 | D:2      | Reached skill level 4 in Axes
  1066 | D:2      | Reached XP level 5. HP: 22/32 MP: 5/5
  1244 | D:2      | Noticed Natasha
  1252 | D:2      | Killed Natasha
  1255 | D:2      | Found a faded altar of an unknown god.
  1379 | D:2      | 1379 ||| UPGRADING to +5 ring of evasion.
  1380 | D:2      | 1380 ||| READING 2 scrolls labelled GAT ZAANEPAEV.
  1381 | D:2      | 1381 ||| READING 2 scrolls labelled NEUSAF RERGHON.
  1384 | D:2      | 1384 ||| READING scroll labelled IPUASOM FAUPS.
  1506 | D:3      | 1506 ||| Stepping ~*~*~tactically~*~*~ (stealth).
  1507 | D:3      | 1507 ||| Stepping ~*~*~tactically~*~*~ (stealth).
  1509 | D:3      | 1509 ||| Stepping ~*~*~tactically~*~*~ (hiding).
  1510 | D:3      | 1510 ||| Stepping ~*~*~tactically~*~*~ (hiding).
  1535 | D:3      | 1535 ||| Stepping ~*~*~tactically~*~*~ (stealth).
  1546 | D:3      | 1546 ||| DROPPING +0 mace.
  1584 | D:3      | Noticed a moth of wrath
  1585 | D:3      | 1585 ||| READING 2 scrolls of identify.
  1585 | D:3      | 1585 ||| IDENTIFYING glowing golden potion
  1674 | D:3      | 1674 ||| Stepping ~*~*~tactically~*~*~ (stealth).
  1675 | D:3      | 1675 ||| Stepping ~*~*~tactically~*~*~ (stealth).
  1681 | D:3      | 1681 ||| Stepping ~*~*~tactically~*~*~ (stealth).
  1738 | D:3      | 1738 ||| Stepping ~*~*~tactically~*~*~ (hiding).
  1745 | D:3      | Reached skill level 5 in Axes
  1763 | D:3      | 1763 ||| Stepping ~*~*~tactically~*~*~ (stealth).
  1766 | D:3      | 1766 ||| Stepping ~*~*~tactically~*~*~ (stealth).
  1991 | D:3      | 1991 ||| Stepping ~*~*~tactically~*~*~ (stealth).
  1996 | D:3      | 1996 ||| Stepping ~*~*~tactically~*~*~ (stealth).
  2047 | D:3      | 2047 ||| Stepping ~*~*~tactically~*~*~ (hiding).
  2078 | D:3      | Reached XP level 6. HP: 28/37 MP: 6/6
  2461 | D:3      | 2461 ||| READING scroll labelled XOEMUO KIYRGH.
  2462 | D:3      | 2462 ||| READING scroll labelled BAELUETOAZO.
  2463 | D:3      | 2463 ||| READING 2 scrolls of identify.
  2463 | D:3      | 2463 ||| IDENTIFYING bubbling yellow potion
  2464 | D:3      | 2464 ||| DROPPING potion of brilliance.
  2515 | D:4      | 2515 ||| Stepping ~*~*~tactically~*~*~ (stealth).
  2517 | D:4      | 2517 ||| Stepping ~*~*~tactically~*~*~ (stealth).
  2594 | D:4      | Found a hide-covered altar of Uskayaw.
  2597 | D:4      | Noticed a +0 dagger
  2598 | D:4      | Noticed a +0 hand axe
  2657 | D:4      | Noticed a black bear
  2658 | D:4      | 2658 ||| Stepping ~*~*~tactically~*~*~ (stealth).
  2659 | D:4      | 2659 ||| Stepping ~*~*~tactically~*~*~ (stealth).
  2666 | D:4      | 2666 ||| Stepping ~*~*~tactically~*~*~ (stealth).
  2676 | D:4      | Killed a black bear
  2677 | D:4      | Reached skill level 1 in Dodging
  2728 | D:4      | 2728 ||| Stepping ~*~*~tactically~*~*~ (hiding).
  2941 | D:4      | Found a staircase to the Ecumenical Temple.
  2942 | D:4      | 2942 ||| PLANNING TEMPLE
  2942 | D:4      | 2942 ||| READING scroll labelled XANALYXZ EMOSO.
  2971 | D:4      | 2971 ||| READING scroll labelled SUNAF LUOMA.
  2972 | D:4      | 2972 ||| READING 2 scrolls of identify.
  2972 | D:4      | 2972 ||| IDENTIFYING bubbling purple potion
  2979 | Temple   | Entered the Ecumenical Temple
  3154 | Temple   | 3154 ||| PLANNING D:1-11
  3308 | D:4      | 3308 ||| READING 2 scrolls of identify.
  3308 | D:4      | 3308 ||| IDENTIFYING coppery potion
  3309 | D:4      | 3309 ||| DROPPING potion of degeneration.
  3317 | D:5      | Entered Level 5 of the Dungeon
  3326 | D:5      | Reached XP level 7. HP: 36/43 MP: 7/7
  3327 | D:5      | 3327 ||| FLEEEEING.
  3328 | D:5      | 3328 ||| STAIRDANCE
  3466 | D:5      | Found a basalt altar of Yredelemnul.
  3523 | D:5      | Reached skill level 6 in Axes
  3881 | D:5      | 3881 ||| READING 3 scrolls labelled NAWOUS EKAEBU.
  3882 | D:5      | 3882 ||| READING 2 scrolls of enchant armour.
  3882 | D:5      | 3882 ||| ENCHANTING +1 hat.
  3883 | D:5      | 3883 ||| READING scroll of enchant armour.
  3883 | D:5      | 3883 ||| ENCHANTING +0 pair of boots.
  3884 | D:5      | 3884 ||| READING 3 scrolls of identify.
  3884 | D:5      | 3884 ||| IDENTIFYING brown potion
  4166 | D:6      | Reached skill level 7 in Axes
  4166 | D:6      | Reached XP level 8. HP: 48/48 MP: 8/8
  4469 | D:6      | Found Bikhlaig's Book Shop.
  4489 | D:6      | 4489 ||| Stepping ~*~*~tactically~*~*~ (stealth).
  4491 | D:6      | 4491 ||| Stepping ~*~*~tactically~*~*~ (stealth).
  4729 | D:6      | 4729 ||| Stepping ~*~*~tactically~*~*~ (hiding).
  4745 | D:6      | Reached skill level 8 in Axes
  4757 | D:6      | Reached skill level 6 in Fighting
  4763 | D:6      | HP: 6/51 [wyvern zombie (8)]
  4764 | D:6      | 4764 ||| READING 4 scrolls of teleportation.
  4764 | D:6      | HP: 1/51 [wight/+0 spear (2)]
  4765 | D:6      | Slain by a necrophage

Levels and vault maps discovered:
D:1:      ncdulo_halloftheorcs, layout_rooms, serial_shops, shop,
          minmay_misc_feat_tower
D:2:      layout_basic, basic_altar, hellmonk_ecumenical_altar_zigzags,
          uniq_jessica, uniq_natasha
D:3:      layout_basic, tgw_trog
D:4:      black_bear_nest_2, layout_rooms, dancing_weapons_uskayaw,
          minmay_temple_entry_hall
D:5:      layout_basic, yredelemnul_altar_generic
D:6:      layout_basic, general_overflow_altar, serial_shops, shop_fountains,
          chequers_serial_rivers_micro_c, corexii_hall_statues_l,
          kennysheep_cross_room, nicolae_kite_square_tiling_tiny,
          dilly_guarded_unrand_morg
Temple:   grunt_temple_mini_profane

Skill      XL: |  1  2  3  4  5  6  7  8 |
---------------+-------------------------+-----
Axes           | 2 3 4 5 7 8 |  8.3
Throwing       | 1 2 |  2.3
Fighting       | 4 6 |  6.0
Dodging        | 1 |  1.9
Armour         | |  3.2
Shields        | |  3.2

Action                     |  1- 3 |  4- 6 |  7- 9 || total
---------------------------+-------+-------+-------++-------
  Melee: War axe           |    75 |   100 |   128 ||   303
  Throw: Javelin           |     2 |    52 |    28 ||    82
    Use: Scroll            |     2 |    11 |     5 ||    18
 Armour: Scale mail        |    47 |    39 |    67 ||   153
  Dodge: Dodged            |    49 |    70 |   132 ||   251
  Block: Buckler           |    15 |    24 |    29 ||    68

Table legend:
 A = Non-vault XP
 B = Vault XP
 C = Vault XP percentage of total XP
 D = Non-vault monster count
 E = Vault monster count
 F = Vault count percentage of total count
                 A         B        C        D         E       F
            +---------+---------+-------+---------+---------+-------
      Total |    1439 |     732 |  33.7 |     108 |      10 |   8.5
            +---------+---------+-------+---------+---------+-------
        D:1 |      45 |       0 |   0.0 |      26 |       0 |   0.0
        D:2 |     101 |      72 |  41.6 |      13 |       2 |  13.3
        D:3 |     102 |       0 |   0.0 |      21 |       0 |   0.0
        D:4 |      79 |     128 |  61.8 |      12 |       1 |   7.7
        D:5 |     466 |       0 |   0.0 |      14 |       0 |   0.0
        D:6 |     646 |     532 |  45.2 |      22 |       7 |  24.1
            +---------+---------+-------+---------+---------+-------
